 Dungeon Crawl Stone Soup version 0.25.0-11-g1f837a76a1 (webtiles) character file.

Game seed: 5850196155442396247

1317 Delamore the Fighter (level 8, -9/55 HPs)
             Began as a Gargoyle Fighter on June 24, 2020.
             Mangled by an ice beast (14 damage)
             ... in the Ecumenical Temple.
             The game lasted 00:05:02 (5461 turns).

Delamore the Fighter (Gargoyle Fighter)             Turns: 5461, Time: 00:05:03

Health: -9/55      AC: 17    Str: 22    XL:     8   Next: 59%
Magic:  8/8        EV:  5    Int:  9    God:
Gold:   275        SH:  9    Dex:  9    Spells: 7/7 levels left

rFire    . . .     SeeInvis .   a - +0 flail
rCold    . . .     Gourm    .   c - +0 kite shield
rNeg     + . .     Faith    .   s - +0 chain mail (curse)
rPois    ∞         Spirit   .   B - +2 hat
rElec    +         Reflect  .   (no cloak)
rCorr    .         Harm     .   e - +0 pair of gloves
MR       .....                  (no boots)
Stlth    ..........             (no amulet)
HPRegen  0.18/turn              (no ring)
MPRegen  0.11/turn              (no ring)

@: no status effects
A: negative energy resistance 1, electricity resistance, unbreathing,
petrification resistance, rot immunity, AC +5
a: no special abilities


You were in the Ecumenical Temple.
You were very hungry.

You visited 2 branches of the dungeon, and saw 6 of its levels.

You collected 275 gold pieces.

Inventory:

Hand Weapons
 a - a +0 flail (weapon)
Missiles
 j - 7 boomerangs of dispersal (quivered)
Armour
 b - a +0 scale mail
 c - a +0 kite shield (worn)
 e - a +0 pair of gloves (worn)
 s - a cursed +0 chain mail (worn)
 t - +0 gold dragon scales
 y - a +2 hat
 B - a +2 hat (worn)
Wands
 x - a wand of flame (13)
Scrolls
 g - a scroll of enchant weapon {unknown}
 h - 2 scrolls of fear {unknown}
 i - 9 scrolls of identify {unknown}
 m - 5 scrolls of teleportation {unknown}
 n - 2 scrolls of amnesia {unknown}
 o - a scroll of enchant armour {unknown}
 p - 2 scrolls of remove curse {unknown}
 r - 2 scrolls of fog {unknown}
 w - a scroll of magic mapping {unknown}
Potions
 d - 2 potions of might
 k - 4 potions of heal wounds {unknown}
 l - a potion of haste {unknown}
 q - a potion of magic {unknown}
 u - a potion of stabbing {unknown}
 v - 2 potions of curing
 z - a potion of lignification {unknown}
 A - a potion of degeneration {unknown}
 C - a potion of brilliance {unknown}
Comestibles
 f - 6 rations


   Skills:
 + Level 8.4 Fighting
 + Level 7.6 Maces & Flails
 - Level 3.2 Armour
 - Level 3.2 Shields


You had 7 spell levels left.
You didn't know any spells.
Your spell library was empty.

Dungeon Overview and Level Annotations

Branches:
Dungeon (5/15)             Temple (1/1) D:5

Altars:
Ashenzari
Dithmenos
Elyvilon
Gozag
Hepliaklqana
Kikubaaqudgha
Makhleb
Nemelex Xobeh
Ru
Sif Muna
Trog
Uskayaw
Vehumet
Wu Jian
Xom
Yredelemnul
Zin
The Shining One


Innate Abilities, Weirdness & Mutations

You are resistant to torment.
Your stone body is resilient. (AC +5)
You are immune to poison.
You resist negative energy. (rN+)
You are resistant to electric shocks. (rElec)
You can survive without breathing.
You are immune to petrification.
You are immune to rotting.


Message History

There is a staircase to the Ecumenical Temple here.
The ice beast hits you.
* * * LOW HITPOINT WARNING * * *
The ice beast freezes you!
* * * LOW HITPOINT WARNING * * *
The orc throws a boomerang.
The boomerang completely misses you.
The weapon returns to the orc!
You climb downwards.
Welcome back to the Ecumenical Temple!
Reactivating autopickup.
There is a staircase back to the Dungeon here.
It was a potion of curing.
You feel better. You block the ice beast's attack.
You barely miss the ice beast. The ice beast barely misses you.
You barely miss the ice beast.
The ice beast hits you but does no damage.
You sock the ice beast!
The ice beast is moderately wounded.
The ice beast hits you.
* * * LOW HITPOINT WARNING * * *
The ice beast freezes you!
You die...

##### ##### ####≈≈≈###
###≈≈≈#
###≈≈≈≈≈≈≈≈####≈≈≈≈≈≈
##....Y......##.......
#....@................
##............##.......
#............####......
#.........#### ####...
##.......##### #####.
#.......##...## ##...##
##.......#.....#
#.....#
#........'.._..#
#.._..'
##.......#.....#
#.....#


You could see an ice beast.

Vanquished Creatures
  Sigmund (D:4)
  Eustachio (D:4)
  A phantom (D:4)
  A sky beast (D:5)
  2 ogres
  2 scorpions
  A howler monkey (D:5)
  A crimson imp (D:5)
  2 orc priests
  2 hounds (D:4)
  3 orc wizards
  A centaur skeleton (D:4)
  Natasha (twice) (D:2)
  2 worker ants (D:4)
  A howler monkey skeleton (D:5)
  3 gnolls (D:2)
  3 adders
  A shadow imp (Temple)
  An adder zombie (D:5)
  2 worms
  2 dart slugs
  2 leopard geckos
  21 orcs
  4 giant cockroaches
  2 hobgoblins
  6 jackals
  4 kobolds
  5 quokkas
  A ball python (D:3)
  7 bats
  6 frilled lizards
  9 goblins
  A jackal skeleton (D:4)
  8 rats
  A spectral orc (D:2)
112 creatures vanquished.

Notes
Turn   | Place    | Note
-------+----------+-------------------------------------------
     0 | D:1      | Delamore the Gargoyle Fighter began the quest for the Orb.
     0 | D:1      | Reached XP level 1. HP: 14/14 MP: 1/1
   231 | D:1      | Reached XP level 2. HP: 19/19 MP: 2/2
   635 | D:1      | Reached XP level 3. HP: 23/23 MP: 3/3
  1010 | D:2      | Found a glowing golden altar of the Shining One.
  1010 | D:2      | Found a bloodstained altar of Trog.
  1010 | D:2      | Found a shattered altar of Ashenzari.
  1183 | D:2      | Reached skill level 4 in Fighting
  1193 | D:2      | Reached XP level 4. HP: 10/29 MP: 4/4
  1488 | D:2      | Noticed Natasha
  1499 | D:2      | Killed Natasha
  1549 | D:2      | Found a sparkling altar of Nemelex Xobeh.
  1659 | D:2      | Found a burning altar of Makhleb.
  1772 | D:2      | Found a basalt altar of Yredelemnul.
  1915 | D:2      | Noticed Natasha
  1925 | D:2      | Killed Natasha
  1925 | D:2      | Reached XP level 5. HP: 28/34 MP: 5/5
  2147 | D:3      | Found a sacrificial altar of Ru.
  2237 | D:3      | Reached skill level 5 in Fighting
  3104 | D:4      | Noticed a phantom
  3135 | D:4      | Killed a phantom
  3135 | D:4      | Reached XP level 6. HP: 17/40 MP: 6/6
  3370 | D:4      | Reached skill level 5 in Maces & Flails
  3375 | D:4      | Reached skill level 6 in Fighting
  3479 | D:4      | Reached XP level 7. HP: 40/46 MP: 7/7
  3601 | D:4      | Noticed Sigmund
  3644 | D:4      | Killed Sigmund
  3838 | D:4      | Reached skill level 7 in Fighting
  4355 | D:4      | Noticed Eustachio
  4368 | D:5      | Entered Level 5 of the Dungeon
  4406 | D:5      | Reached XP level 8. HP: 14/53 MP: 8/8
  4665 | D:4      | Killed Eustachio
  5009 | D:5      | Found a staircase to the Ecumenical Temple.
  5028 | D:5      | Reached skill level 8 in Fighting
  5044 | Temple   | Entered the Ecumenical Temple
  5334 | D:5      | Found a white marble altar of Elyvilon.
  5456 | D:5      | HP: 1/55 [ice beast (9)]
  5461 | Temple   | Mangled by an ice beast

Illustrated notes

Levels and vault maps discovered:
D:1:      dpeg_arrival_radiant, layout_basic, minmay_pentomino_w2
D:2:      layout_basic, yredelemnul_forgotten_temple_becter,
          nemelex_xobeh_ov_fountains_minmay,
          gammafunk_temple_overflow_forgotten, lemuel_doored_altar, uniq_natasha
D:3:      layout_loops_cross, nicolae_ru_the_path_less_chosen
D:4:      layout_loops_corners, first_ration, amethyst_killhole, uniq_sigmund,
          uniq_eustachio
D:5:      layout_basic, lemuel_crystal_altar, minmay_temple_entry_tees,
          serial_shops, shop, uniq_grinder
Temple:   minmay_temple_curvy_loop

Skill      XL: |  1  2  3  4  5  6  7  8 |
---------------+-------------------------+-----
Maces & Flails | 3 4 5 6 7 |  7.6
Fighting       | 4 5 6 7 8 |  8.4
Armour         | |  3.2
Shields        | |  3.2

Action                   |  1- 3 |  4- 6 |  7- 9 || total
-------------------------+-------+-------+-------++-------
Melee: Flail             |   143 |   221 |   214 ||   578
  Use: Potion            |       |       |     1 ||     1
  Eat: Chunk             |     1 |     8 |     2 ||    11
       Ration            |       |       |     1 ||     1
Armor: Scale mail        |    86 |    89 |       ||   175
       Chain mail        |       |    14 |   185 ||   199
Dodge: Dodged            |    64 |    47 |    59 ||   170
Block: Kite shield       |    99 |   131 |   108 ||   338
